 Dungeon Crawl Stone Soup version 0.21.0-3-g78d12a8 (webtiles) character file.

16338 Ignatius881 the Fighter (level 12, -6/110 HPs)
             Began as a Minotaur Berserker on Jan 14, 2018.
             Was a High Priest of Trog.
             Mangled by a catoblepas (8 damage)
             ... on level 2 of the Lair of Beasts.
             The game lasted 00:30:33 (13381 turns).

Ignatius881 the Fighter (Minotaur Berserker)       Turns: 13381, Time: 00:30:34

Health: -6/110     AC: 18    Str: 25    XL:     12   Next: 9%
Magic:  11/11      EV:  2    Int:  4    God:    Trog [*****.]
Gold:   759        SH:  0    Dex: 14    Spells: 11/11 levels left

rFire    . . .     SeeInvis .   R - +1 battleaxe (elec)
rCold    . . .     Gourm    .   (shield currently unavailable)
rNeg     + + +     Faith    .   l - +0 chain mail
rPois    ∞         Spirit   .   (helmet restricted)
rElec    .         Reflect  .   J - +0 cloak
rCorr    .         Harm     .   Q - +0 pair of gloves
MR       ++...                  y - +2 pair of boots
Stlth    ..........             (no amulet)
HPRegen  1.28/turn              L - +2 ring of strength
MPRegen  0.12/turn              (no ring)

@: petrified, berserk cooldown, regenerating, slowed
A: retaliatory headbutt, horns 2
a: Berserk, Trog's Hand, Brothers in Arms, Burn Spellbooks, Renounce Religion


You were on level 2 of the Lair of Beasts.
You worshipped Trog.
Trog was extremely pleased with you.
You were near starving.

You visited 3 branches of the dungeon, and saw 14 of its levels.
You also visited: Sewer.

You collected 957 gold pieces.
You spent 198 gold pieces at shops.

Inventory:

Hand Weapons
 a - a +0 flail of crushing
   (You took it off Edmund on level 4 of the Dungeon)
 m - a +0 war axe
   (You took it off an orc on level 3 of the Dungeon)
 E - a +3 hand axe of freezing
   (You took it off a wight on level 8 of the Dungeon)
 K - a +2 glaive of chopping
   (Trog gifted it to you on level 9 of the Dungeon)
 R - a +1 battleaxe of electrocution (weapon)
   (Trog gifted it to you on level 1 of the Lair of Beasts)
Armour
 b - a +0 animal skin
 l - a +0 chain mail (worn)
   (You took it off an orc on level 7 of the Dungeon)
 y - a +2 pair of boots (worn)
   (You bought it in a shop on level 5 of the Dungeon)
 A - a +0 large shield
   (You found it on level 6 of the Dungeon)
 J - a +0 cloak (worn)
   (You found it on level 8 of the Dungeon)
 Q - a +0 pair of gloves (worn)
   (You found it on level 4 of the Dungeon)
Jewellery
 w - an uncursed ring of magical power
   (You found it on level 7 of the Dungeon)
 G - an uncursed ring of resist corrosion
   (You found it on level 8 of the Dungeon)
 L - a +2 ring of strength (left hand)
   (You found it on level 9 of the Dungeon)
 T - the ring of Losem {*Tele rElec, unknown}
   (You took it off a centaur on level 2 of the Lair of Beasts)

   [ring of teleportation]

   It may teleport you next to monsters.
   It insulates you from electricity.
Wands
 d - a wand of iceblast (21)
   (You took it off an orc wizard on level 10 of the Dungeon)
 u - a wand of paralysis (21)
   (You found it on level 8 of the Dungeon)
 v - a wand of digging (20)
   (You found it on level 1 of the Lair of Beasts)
 S - a wand of clouds (5)
   (You found it on level 1 of the Lair of Beasts)
Scrolls
 c - 3 scrolls of noise {unknown}
 h - 2 scrolls of fear {unknown}
 i - 5 scrolls of remove curse {@r2}
 p - 7 scrolls of teleportation {unknown}
 q - 2 scrolls of amnesia {unknown}
 s - 3 scrolls of fog {unknown}
 t - 2 scrolls of random uselessness {unknown}
 x - 4 scrolls of magic mapping {unknown}
 z - a scroll of immolation {unknown}
 C - 2 scrolls of enchant weapon {unknown}
 D - a scroll of holy word {unknown}
 H - a scroll of acquirement {unknown}
 I - 2 scrolls of blinking {unknown}
 P - a scroll of brand weapon {unknown}
Potions
 f - 3 potions of flight
 g - a potion of agility
 j - 4 potions of resistance
 k - 2 potions of might
 n - 4 potions of haste {@q3}
 o - 4 potions of curing {@q1}
 r - 3 potions of invisibility
 B - 2 potions of magic
 F - a potion of berserk rage
 M - a potion of mutation {unknown}
 N - 4 potions of heal wounds {@q2}
 O - a potion of cancellation {unknown}
Comestibles
 e - 18 rations


   Skills:
 + Level 11.5 Fighting
 * Level 9.5(11.7) Axes
 - Level 6.7(9.1) Maces & Flails
 - Level 9.0(10.7) Polearms
 + Level 11.1 Armour
 + Level 10.3 Dodging


You had 11 spell levels left.
You didn't know any spells.

Dungeon Overview and Level Annotations

Branches:
Dungeon (11/15)            Temple (1/1) D:6            Lair (2/6) D:11
    Orc (0/2) D:10
  Swamp: Lair:2-4    Shoals: Lair:2-4     Snake: Lair:2-4    Spider: Lair:2-4

Altars:
Ashenzari
Cheibriados
Dithmenos
Elyvilon
Fedhas
Gozag
Hepliaklqana
Kikubaaqudgha
Nemelex Xobeh
Okawaru
Qazlal
Ru
Sif Muna
Trog
Uskayaw
Vehumet
Wu Jian
Xom
Yredelemnul
Zin
The Shining One
Beogh

Shops:
D:5 [   D:6 %*


Innate Abilities, Weirdness & Mutations

You reflexively headbutt those who attack you in melee.
You have a pair of horns on your head.


Message History

* * * LOW HITPOINT WARNING * * *
You are engulfed in calcifying dust.
The catoblepas breathes a plume of calcifying dust at you.
The blast of calcifying dust hits you!
You are engulfed in calcifying dust.
The catoblepas gores you.
* * * LOW HITPOINT WARNING * * *
You are engulfed in calcifying dust.
The catoblepas gores you!!
* * * LOW HITPOINT WARNING * * *
The catoblepas gores you but does no damage.
You are near starving!
The spiny frog is no longer petrified.
The catoblepas gores you.
* * * LOW HITPOINT WARNING * * *
The catoblepas gores you but does no damage.
You turn to flesh and can move again.
The catoblepas breathes a plume of calcifying dust at you.
The blast of calcifying dust hits you!
* * * LOW HITPOINT WARNING * * *
You are engulfed in calcifying dust.
You are engulfed in calcifying dust.
You are slowing down.
You are engulfed in calcifying dust.
The porcupine is no longer petrified.
The catoblepas gores you but does no damage.
You have turned to stone.
The catoblepas gores you but does no damage.
The catoblepas gores you!
* * * LOW HITPOINT WARNING * * *
The porcupine bites you.
* * * LOW HITPOINT WARNING * * *
The porcupine bites you but does no damage.
The catoblepas gores you but does no damage.
The porcupine bites you but does no damage.
The catoblepas breathes a plume of calcifying dust at you.
The blast of calcifying dust hits you!
* * * LOW HITPOINT WARNING * * *
The porcupine barely misses you.
You are engulfed in calcifying dust.
The catoblepas gores you but does no damage.
The porcupine bites you but does no damage.
You are engulfed in calcifying dust.
The catoblepas gores you!
* * * LOW HITPOINT WARNING * * *
The porcupine barely misses you.
You are engulfed in calcifying dust.
You feel the effects of Trog's Hand fading.
The catoblepas gores you!
* * * LOW HITPOINT WARNING * * *
The porcupine bites you but does no damage.
You are engulfed in calcifying dust.
The porcupine bites you but does no damage.
The catoblepas gores you!
You die...

##### ### ###...##.# .
##.############.....P#.#
....##.....F.Y@.§.##........##
....P.......Pr....##......#..
......#....#...........####.#
....# #.#..##......##..#.##.##
).. .......................P#
. .......................<..#
..........................##
..........................##
...........................#


You could see a catoblepas, a spiny frog (petrified) and a porcupine.

Vanquished Creatures
  An ettin (shapeshifter) (D:9)
  Fannar (D:11)
  A hydra (Lair:2)
  The ghost of skk the Grappler, a novice TrMo of Uskayaw (D:11)
  A two-headed ogre (D:9)
  A guardian serpent (D:11)
  A black mamba (Lair:1)
  4 spiny frogs
  A gargoyle (D:11)
  A rime drake (Lair:1)
  A polar bear (D:9)
  A troll (D:10)
  4 hippogriffs
  4 yaks (D:9)
  Eustachio (D:4)
  A basilisk (Lair:2)
  A human (D:10)
  2 hungry ghosts
  4 vampire mosquitoes (D:8)
  Edmund (D:4)
  4 wargs
  3 water moccasins
  5 orc warriors
  3 porcupines (Lair:1)
  9 ogres
  3 ice beasts
  2 sky beasts
  A black bear (D:11)
  2 phantoms
  A wolf (D:9)
  3 centaurs
  3 crocodiles (Lair:1)
  3 big kobolds
  13 bullfrogs
  3 scorpions
  8 killer bees
  6 wights
  3 howler monkeys
  2 crimson imps
  A bullfrog zombie (D:10)
  2 centaur zombies
  A quasit (D:11)
  5 hounds
  10 orc priests
  5 jellies
  7 orc wizards
  A centaur skeleton (D:4)
  A bullfrog skeleton (D:9)
  10 worker ants
  3 iguanas
  2 bullfrog simulacra (D:9)
  A killer bee simulacrum (D:9)
  A worker ant zombie (D:6)
  3 gnolls (D:6)
  8 adders
  3 river rats
  4 shadow imps
  2 white imps (D:9)
  A worker ant simulacrum (D:9)
  5 oozes (D:10)
  An adder skeleton (D:4)
  2 adder zombies
  A worm (D:2)
  2 dart slugs (D:1)
  An adder simulacrum (D:9)
  2 leopard geckos
  68 orcs
  A ball python (D:5)
  7 giant cockroaches
  7 goblins
  10 hobgoblins
  16 jackals
  7 quokkas
  6 bats
  7 frilled lizards
  2 gnoll zombies (D:6)
  18 kobolds
  12 rats
  A fungus (Lair:2)
357 creatures vanquished.

Vanquished Creatures (others)
  A shadow imp (D:11)
  A plant (Lair:2)
2 creatures vanquished.

Grand Total: 359 creatures vanquished

Notes
Turn   | Place    | Note
-------+----------+-------------------------------------------
     0 | D:1      | Ignatius881 the Minotaur Berserker began the quest for the Orb.
     0 | D:1      | Reached XP level 1. HP: 19/19 MP: 0/0
   143 | D:1      | Reached XP level 2. HP: 25/27 MP: 1/1
  1007 | D:2      | Found a white marble altar of Elyvilon.
  1014 | D:2      | Reached ** piety under Trog
  1163 | D:2      | Reached XP level 3. HP: 33/33 MP: 2/2
  1367 | D:2      | Reached skill level 1 in Maces & Flails
  1433 | D:2      | Found a faded altar of an unknown god.
  1899 | D:3      | Reached XP level 4. HP: 40/40 MP: 3/3
  1913 | D:3      | Found a radiant altar of Vehumet.
  2903 | D:4      | Reached XP level 5. HP: 47/47 MP: 4/4
  2907 | D:4      | Reached *** piety under Trog
  3060 | D:4      | Found a blossoming altar of Fedhas.
  3061 | D:4      | Found the -1 mace of Variability {chaos}
  3284 | D:4      | Noticed Edmund
  3296 | D:4      | Killed Edmund
  3296 | D:4      | Reached skill level 5 in Axes
  3296 | D:4      | Reached XP level 6. HP: 55/55 MP: 5/5
  3474 | D:4      | Noticed Eustachio
  3484 | D:4      | Killed Eustachio
  3484 | D:4      | Reached skill level 5 in Fighting
  3664 | D:4      | Reached XP level 7. HP: 44/61 MP: 6/6
  3870 | D:4      | Found a hide-covered altar of Uskayaw.
  3886 | D:5      | Entered Level 5 of the Dungeon
  3886 | D:5      | Found Ichulel's Armour Shoppe.
  3895 | D:5      | Bought a +2 pair of boots for 198 gold pieces
  4041 | D:5      | Reached skill level 5 in Armour
  4455 | D:5      | Reached skill level 5 in Dodging
  4854 | D:6      | Found Zin's Purification Station.
  4857 | D:6      | Found a glowing silver altar of Zin.
  4950 | D:6      | Found a staircase to the Ecumenical Temple.
  4968 | D:6      | Reached XP level 8. HP: 71/71 MP: 7/7
  4993 | D:6      | Reached **** piety under Trog
  4997 | D:6      | Found a glowing drain.
  5006 | Sewer    | Entered a sewer
  5072 | Sewer    | Reached skill level 5 in Maces & Flails
  5212 | Sewer    | Found a white marble altar of Elyvilon.
  5741 | D:6      | Found a snail-covered altar of Cheibriados.
  5744 | D:6      | Found Casmibio's Food Shop.
  5781 | D:6      | Found a shattered altar of Ashenzari.
  6134 | D:6      | Found a basalt altar of Yredelemnul.
  6313 | Temple   | Entered the Ecumenical Temple
  6916 | D:7      | Reached XP level 9. HP: 68/80 MP: 8/8
  7476 | D:8      | Reached ***** piety under Trog
  8073 | D:8      | Reached XP level 10. HP: 91/91 MP: 9/9
  8374 | D:9      | Found a hazy altar of Hepliaklqana.
  8400 | D:9      | Received a gift from Trog
  8407 | D:9      | Noticed an ettin
  8412 | D:9      | Killed an ettin
  8670 | D:9      | Noticed a two-headed ogre
  8675 | D:9      | Killed a two-headed ogre
  8873 | D:9      | Reached skill level 10 in Fighting
  9665 | D:10     | Entered Level 10 of the Dungeon
  9718 | D:10     | Reached XP level 11. HP: 100/100 MP: 10/10
  9741 | D:10     | Reached skill level 5 in Polearms
  9886 | D:10     | Found a staircase to the Orcish Mines.
  9917 | D:10     | Reached skill level 10 in Armour
  9937 | D:10     | Found a roughly hewn altar of Beogh.
 10100 | D:10     | Received a gift from Trog
 11276 | D:11     | Found a staircase to the Lair.
 11441 | D:11     | Noticed Fannar
 11464 | D:11     | Killed Fannar
 11550 | D:11     | Noticed skk's ghost (novice TrMo)
 11564 | D:11     | Killed skk's ghost
 12047 | Lair:1   | Entered Level 1 of the Lair of Beasts
 12064 | Lair:1   | Reached skill level 10 in Dodging
 12665 | Lair:1   | Received a gift from Trog
 13153 | Lair:2   | Noticed an eight-headed hydra
 13156 | Lair:2   | Killed a ten-headed hydra
 13156 | Lair:2   | Reached XP level 12. HP: 110/110 MP: 11/11
 13273 | Lair:2   | Got a wavering lead ring
 13338 | Lair:2   | Noticed a catoblepas
 13379 | Lair:2   | HP: 3/110 [catoblepas (5)]
 13380 | Lair:2   | HP: 1/110 [catoblepas (4)]
 13381 | Lair:2   | Mangled by a catoblepas

Skill      XL: |  1  2  3  4  5  6  7  8  9 10 11 |
---------------+----------------------------------+-----
Axes           | 4 5 7 9 |  9.5
Fighting       | 4 5 6 7 9 10 11 | 11.5
Armour         | 3 4 5 7 8 9 11 | 11.1
Maces & Flails | 1 2 3 4 6 |  6.7
Dodging        | 3 4 5 6 7 9 10 | 10.3
Polearms       | 4 9 |  9.0

Action                   |  1- 3 |  4- 6 |  7- 9 | 10-12 || total
-------------------------+-------+-------+-------+-------++-------
Melee: Hand axe          |    49 |       |    75 |    48 ||   172
       Headbutt          |    13 |    15 |    59 |    80 ||   167
       Flail             |    28 |    38 |   285 |       ||   351
       War axe           |       |    33 |       |       ||    33
       Glaive            |       |       |       |   304 ||   304
       Battleaxe         |       |       |       |    22 ||    22
Invok: Burn Spellbooks   |     1 |     1 |     1 |     2 ||     5
       Berserk           |       |     2 |     3 |     9 ||    14
       Trog's Hand       |       |     1 |     2 |     5 ||     8
  Use: Scroll            |     5 |     2 |     6 |     3 ||    16
  Eat: Chunk             |     3 |     5 |    14 |    16 ||    38
       Ration            |       |     1 |     2 |     3 ||     6
Armor: Animal skin       |    12 |    12 |       |       ||    24
       Scale mail        |       |     2 |   103 |       ||   105
       Chain mail        |       |       |    61 |   251 ||   312
Dodge: Dodged            |    43 |    60 |   161 |   304 ||   568
Block: Large shield      |       |       |   141 |    33 ||   174
